 Dungeon Crawl Stone Soup version 0.31.0-32-g396128a36d (webtiles) character file.

Game seed: 5603403907858000733

22 spectrum17 the Poker (level 2, -7/22 HPs)
             Began as a Demonspawn Gladiator on Apr 4, 2024.
             Mangled by an iguana (9 damage)
             ... on level 4 of the Dungeon on Apr 12, 2024.
             The game lasted 00:02:54 (294 turns).

spectrum17 the Poker (Demonspawn Gladiator)          Turns: 294, Time: 00:02:56

Health: -7/22      AC:  4    Str: 14    XL:     2   Next: 68%
Magic:  2/2        EV: 12    Int:  8    God:
Gold:   12         SH:  0    Dex: 14    Spells: 1/1 levels left

rFire   . . .        a - +0 trident
rCold   . . .        (no shield)
rNeg    . . .        b - +0 leather armour
rPois   .            c - +0 helmet
rElec   .            (no cloak)
rCorr   .            (no gloves)
SInv    .            (no boots)
Will    .....        (no amulet)
Stlth   +            (no ring)
HPRegen 0.23/turn    (no ring)
MPRegen 0.08/turn

%: no passive effects
@: no status effects
A: claws 1
a: no special abilities


You were on level 4 of the Dungeon.
You visited 1 branch of the dungeon, and saw 4 of its levels.

You collected 12 gold pieces.

Inventory:

Hand Weapons
 a - a +0 trident (weapon)
Missiles
 d - 3 throwing nets (quivered)
 e - a javelin
Armour
 b - a +0 leather armour (worn)
 c - a +0 helmet (worn)
Scrolls
 f - a scroll of fear {unknown}


   Skills:
 + Level 2.3 Fighting
 + Level 3.1 Polearms
 + Level 1.8 Throwing
 + Level 0.1 Armour
 + Level 3.0 Dodging


You had one spell level left.
You didn't know any spells.
Your spell library was empty.

Dungeon Overview and Level Annotations

Branches:
Dungeon (4/15)
 Temple: D:4-7

Altars:
Uskayaw

Annotations:
D:4 Eustachio


Innate Abilities, Weirdness & Mutations

You have sharp fingernails.


Message History

The iguana bites you.
Eustachio screams, "This atrocity can only be purified with blood!"
You barely miss the bat. The bat completely misses you.
The iguana closely misses you.
You barely miss Eustachio. The bat closely misses you.
Eustachio gestures wildly while chanting.
Eustachio blinks!
The iguana bites you but does no damage.
The bat hits you but does no damage. The river rat closely misses you.
You hit the river rat but do no damage. The bat closely misses you.
The river rat closely misses you. The bat hits you but does no damage.
You closely miss the river rat. The river rat bites you.
Eustachio gestures wildly while chanting.
Eustachio blinks!
You hit the river rat but do no damage. The river rat misses you.
The iguana barely misses you.
You closely miss the river rat. The river rat closely misses you.
The iguana closely misses you.
You barely miss the river rat. The river rat misses you.
Eustachio gestures wildly while chanting.
The iguana barely misses you. Eustachio barely misses you.
The river rat bites you.
You barely miss the river rat. You hit the river rat.
The river rat is lightly wounded.
The bat disappears in a puff of smoke!
The iguana bites you but does no damage.
The quokka closely misses you. Eustachio hits you with a +0 falchion!
The river rat bites you.
* * * LOW HITPOINT WARNING * * *
The iguana bites you.
* * * LOW HITPOINT WARNING * * *
You hit the river rat but do no damage.
The river rat is lightly wounded.
The quokka closely misses you.
Eustachio mumbles some strange words.
Eustachio blinks!
The river rat bites you but does no damage.
The iguana bites you!
You die...

### ##### #.###.#.#
##.....#.. #.........
#.........
####################...
#....r@l@..............
#..#.br#...#...#...#...
#_....b..............##
#..#...#...#...#...####
#.........(............
####################...
... .. ...


You could see Eustachio, an iguana, a river rat (summoned), a quokka (summoned)
and 2 bats.

Vanquished Creatures
  2 adders (D:3)
  A hobgoblin (D:2)
  2 kobolds
  A bat (D:2)
6 creatures vanquished.

Notes
Turn   | Place    | Note
-------+----------+-------------------------------------------
     0 | D:1      | spectrum17 the Demonspawn Gladiator began the quest for the
                  | Orb.
     0 | D:1      | Reached XP level 1. HP: 16/16 MP: 1/1
   223 | D:3      | Discovered your monstrous ancestry.
   223 | D:3      | Gained mutation: You have sharp fingernails. [demonic
                  | ancestry]
   223 | D:3      | Reached XP level 2. HP: 13/22 MP: 2/2
   281 | D:4      | Noticed Eustachio
   283 | D:4      | Found a hide-covered altar of Uskayaw.
   294 | D:4      | Mangled by an iguana

Illustrated notes

Levels and vault maps discovered:
D:1:      saegor_arrival_fortress, layout_basic
D:2:      layout_basic, hellmonk_ecumenical_altar_defaced_shrine, basic_altar,
          grunt_ministairs_15, chequers_serial_rivers_large_b,
          kennysheep_generic_room_9
D:3:      layout_basic
D:4:      layout_cave_pools, lemuel_coloured_pillars_altar,
          mainiacjoe_overflow_alcove_2, serial_undead, serial_undead_a,
          serial_undead_b, serial_undead_c, serial_undead_a, serial_undead_b,
          serial_undead_c, corexii_corridor_pit, uniq_eustachio

Skill      XL: |  1  2 |
---------------+-------+-----
Polearms       | 3 |  3.1
Dodging        | 3 |  3.0
Fighting       | |  2.3
Throwing       | |  1.8
Armour         | |  0.1

Action                     || total
---------------------------++-------
  Melee: Trident           ||    40
 Armour: Leather armour    ||    35
  Dodge: Dodged            ||    50
